 Dungeon Crawl Stone Soup version 0.31-a0-154-g56bf346678 (webtiles) character file.

Game seed: 2814633911073972851

44 Moral the Grave Robber (level 3, 0/24 HPs)
             Began as a Mummy Necromancer on June 12, 2023.
             Slain by a gnoll
             ... wielding a +0 spear
              (5 damage)
             ... on level 2 of the Dungeon.
             The game lasted 00:04:58 (877 turns).

Moral the Grave Robber (Mummy Necromancer)           Turns: 877, Time: 00:05:00

Health: 0/24       AC:  2    Str: 11    XL:     3   Next: 41%
Magic:  7/8        EV: 12    Int: 16    God:
Gold:   39         SH:  0    Dex: 12    Spells: 8/9 levels left

rFire   x . .        b - +0 short sword
rCold   + . .        (no shield)
rNeg    + + +        a - +0 robe
rPois   ∞            (no helmet)
rElec   .            (no cloak)
rCorr   .            (no gloves)
SInv    .            (no boots)
Will    .....        e - amulet of magic regeneration
Stlth   ++           (no ring)
HPRegen 0.24/turn    (no ring)
MPRegen 0.51/turn

%: faith
@: no status effects
A: cold resistance 1, negative energy resistance 3, torment resistance 2, heat
vulnerability 1, in touch with death 1, no potions, faith
a: no special abilities


You were on level 2 of the Dungeon.
You visited 1 branch of the dungeon, and saw 2 of its levels.

You collected 39 gold pieces.

Inventory:

Hand Weapons
 b - a +0 short sword (weapon)
Armour
 a - a +0 robe (worn)
Jewellery
 e - an amulet of magic regeneration (around neck)
Scrolls
 c - 2 scrolls of amnesia
 d - a scroll of identify


   Skills:
 + Level 0.1 Fighting
 + Level 1.6 Dodging
 + Level 1.5 Stealth
 + Level 3.5 Spellcasting
 + Level 4.8 Necromancy


You had 8 spell levels left.
You knew the following spells:

 Your Spells              Type           Power      Damage    Failure   Level
a - Necrotise             Necr           100%       1d9       2%          1

Your spell library contained the following spells:

 Spells                   Type           Power      Damage    Failure   Level
 Vampiric Draining        Necr           27%        2d7       8%          3
 Animate Dead             Necr           27%        N/A       24%         4
 Agony                    Necr           27%        N/A       56%         5


Dungeon Overview and Level Annotations

Branches:
Dungeon (2/15)

Altars:


Innate Abilities, Weirdness & Mutations

You are immune to poison.
Your flesh is cold resistant. (rC+)
You are immune to negative energy. (rN+++)
You are immune to unholy pain and torment.
You are vulnerable to heat. (rF-)
You are in touch with the powers of death.
You do not drink.
You have a special connection with the divine. (Faith)


Message History

The gnoll hits you from afar with a +0 spear.
* * * LOW HITPOINT WARNING * * *
Casting: Necrotise (safe; 2% risk of failure)
Confirm with . or Enter, or press ? or * to list all spells.
Aiming: Necrotise (safe; 2% risk of failure)
Press: ? - help, Shift-Dir - straight line, f/p - gnoll
Aim: a gnoll, wielding a +0 spear (heavily wounded, chance to affect: 88%)
You feel a surge of power!
The gnoll barely resists.
A quokka comes into view.
Found a sling.
A giant cockroach comes into view.
You see here 2 gold pieces.
As you read the scroll labelled MOTIAG JENEVIMPE, it crumbles to dust.
It is a scroll of amnesia.
Really abort (and waste the scroll)? [Y]es or [N]o only, please.
Really abort (and waste the scroll)?
Okay, then.
The gnoll closely misses you.
As you read the scroll labelled WEWNERUDDO, it crumbles to dust.
It is a scroll of identify.
You don't currently have any unidentified items.
The gnoll completely misses you.
Casting: Necrotise (safe; 2% risk of failure)
Confirm with . or Enter, or press ? or * to list all spells.
Aiming: Necrotise (safe; 2% risk of failure)
Press: ? - help, Shift-Dir - straight line, f/p - gnoll
Aim: a gnoll, wielding a +0 spear (heavily wounded, ally target, chance to affect: 88%)
You feel a surge of power!
The gnoll barely resists.
The gnoll hits you from afar with a +0 spear.
* * * LOW HITPOINT WARNING * * *
Your gnoll skeleton hits the gnoll.
Casting: Necrotise (safe; 2% risk of failure)
Confirm with . or Enter, or press ? or * to list all spells.
Aiming: Necrotise (safe; 2% risk of failure)
Press: ? - help, Shift-Dir - straight line, f/p - gnoll
Aim: a gnoll, wielding a +0 spear (severely wounded, ally target, chance to affect: 88%)
You feel a surge of power!
The gnoll barely resists.
The gnoll hits you from afar with a +0 spear.
You die...

..... . #... ..#.
##... ...####.. ###...
...). ........###...##
#....B
#.###..##.....##....r#
#..........)........#
#..#....<#.....#[.....
. #.###.#.>......#
##.#...<..Zg.@.#
##............###
.##......##>....##.
........###†........
.......Z###.......##
...>..........###.#
###....#####......#
....... ..######
....... ###


You could see a gnoll (ally target), a quokka (asleep), a giant cockroach
(asleep) and a friendly gnoll skeleton.

Vanquished Creatures
  A gnoll (D:2)
  A dart slug (D:1)
  2 ball pythons (D:1)
  A bat (D:1)
  6 endoplasms
  2 giant cockroaches
  3 goblins (D:1)
  2 hobgoblins
  A jackal (D:1)
  2 quokkas (D:1)
  2 kobolds (D:1)
23 creatures vanquished.

Vanquished Creatures (collateral kills)
  A dart slug (D:1)
  A jackal (D:1)
2 creatures vanquished.

Grand Total: 25 creatures vanquished

Notes
Turn   | Place    | Note
-------+----------+-------------------------------------------
     0 | D:1      | Moral the Mummy Necromancer began the quest for the Orb.
     0 | D:1      | Reached XP level 1. HP: 13/13 MP: 4/4
   171 | D:1      | Reached XP level 2. HP: 19/19 MP: 0/6
   695 | D:1      | Gained mutation: You are in touch with the powers of death.
                  | [Mummy growth]
   695 | D:1      | Reached XP level 3. HP: 24/24 MP: 5/7
   877 | D:2      | Slain by a gnoll

Illustrated notes

Levels and vault maps discovered:
D:1:      heliophobic_arrival_battle_scene, layout_loops_ring
D:2:      layout_rooms

Skill      XL: |  1 |
---------------+----+-----
Spellcasting   | 3 |  3.5
Fighting       | |  0.1
Dodging        | |  1.6
Stealth        | |  1.5
Necromancy     | |  4.8

Action                     || total
---------------------------++-------
  Melee: Short sword       ||    23
   Cast: Necrotise         ||    50
    Use: Scroll            ||     2
 Armour: Robe              ||     7
  Dodge: Dodged            ||    40

Table legend: (Time is in decaauts)
 A = Elapsed time spent in this place.
 B = Non-inter-level travel time spent in this place.
 C = Inter-level travel time spent in this place.
 D = Time resting spent in this place.
 E = Time spent auto-exploring this place.
 F = Levels seen in this place.
 G = Mean time per level.
                   A        B        C        D        E       F      G
               +--------+--------+--------+--------+--------+-----+--------+
         Total |    876 |    876 |      0 |      0 |    623 |   2 |  438.0 |
       Dungeon |    876 |    876 |      0 |      0 |    623 |   2 |  438.0 |
               +--------+--------+--------+--------+--------+-----+--------+

Top non-repeatable levels by time:
     D:1: 834 daAuts
     D:2: 41 daAuts
